 Dungeon Crawl Stone Soup version 0.29-a0-901-g46a8461d6a (webtiles) character file.

Game seed: 14184448928214790995

1887 gruber the Destroyer (level 8, -9/57 HPs)
             Began as a Purple Draconian Conjurer on July 23, 2022.
             Was a Follower of Vehumet.
             Mangled by a troll (10 damage)
             ... on level 6 of the Dungeon.
             The game lasted 00:05:46 (5998 turns).

gruber the Destroyer (Purple Draconian Conjurer)    Turns: 5998, Time: 00:05:46

Health: -9/57      AC:  8    Str: 11    XL:     8   Next: 92%
Magic:  9/17       EV: 12    Int: 20    God:    Vehumet [*.....]
Gold:   272        SH:  0    Dex:  9    Spells: 16/19 levels left

rFire   . . .      SeeInvis .   e - +1 short sword (venom)
rCold   + . .      Faith    .   (no shield)
rNeg    . . .      Spirit   .   (body armour unavailable)
rPois   .          Reflect  .   (helmet restricted)
rElec   .          Harm     .   u - +0 cloak
rCorr   .          Rampage  .   (no gloves)
Will    +....                   l - +0 pair of boots
Stlth   ++........              (no amulet)
HPRegen 0.19/turn               i - ring of wizardry
MPRegen 0.15/turn               r - ring of protection from cold

@: about to teleport
A: breathe power, AC +6, unfitting armour, cold-blooded
a: Breathe Dispelling Energy, Renounce Religion


You were on level 6 of the Dungeon.
You worshipped Vehumet.
Vehumet was aware of your devotion.
You visited 1 branch of the dungeon, and saw 6 of its levels.

You collected 272 gold pieces.

Inventory:

Hand Weapons
 e - a +1 short sword of venom (weapon)
Armour
 l - a +0 pair of boots (worn)
 u - a +0 cloak (worn)
Jewellery
 i - a ring of wizardry (left hand)
 r - a ring of protection from cold (right hand)
 x - a ring of protection from cold
Wands
 n - a wand of flame (27)
Scrolls
 d - 4 scrolls of identify {unknown}
 f - 2 scrolls of silence {unknown}
 h - 4 scrolls of teleportation
 j - 2 scrolls of enchant armour {unknown}
 k - a scroll of brand weapon {unknown}
 p - a scroll of noise {unknown}
 q - a scroll of enchant weapon {unknown}
 t - a scroll of immolation {unknown}
 v - a scroll of butterflies {unknown}
 w - 2 scrolls of blinking {unknown}
Potions
 a - a potion of magic
 b - a potion of invisibility {unknown}
 c - a potion of haste {unknown}
 g - a potion of might {unknown}
 m - 2 potions of curing {unknown}
 o - a potion of ambrosia {unknown}
 s - 2 potions of mutation {unknown}


   Skills:
 - Level 1.7 Dodging
 - Level 1.7 Stealth
 - Level 6.1 Spellcasting
 + Level 11.1 Conjurations
 - Level 0.2 Evocations


You had 16 spell levels left.
You knew the following spells:

 Your Spells              Type           Power      Damage    Failure   Level
a - Magic Dart            Conj           100%       1d8       1%          1
b - Searing Ray           Conj           100%       2d8       1%          2

Your spell library contained the following spells:

 Spells                   Type           Power      Damage    Failure   Level
 Sandblast                Erth           12%        2d6       4%          1
 Foxfire                  Conj/Fire      100%       2x1d9     1%          1
 Conjure Flame            Conj/Fire      28%        6-21      1%          3
 Dazzling Flash           Conj/Hex       56%        N/A       1%          3
 Flame Wave               Conj/Fire      28%        2d8       4%          4
 Fulminant Prism          Conj/Hex       14%        3d9       4%          4
 Iskenderun's Mystic Bla  Conj/Tloc      28%        2d7       4%          4
 Sticky Flame             Conj/Fire      28%        2d5       4%          4
 Ignite Poison            Fire/Tmut/Pois 6%         N/A       12%         3
 Inner Flame              Hex/Fire       6%         N/A       12%         3


Dungeon Overview and Level Annotations

Branches:
Dungeon (6/15)
 Temple: D:4-7

Altars:
Qazlal
Vehumet
Xom

Annotations:
D:5 1 runed translucent door, Crazy Yiuf


Innate Abilities, Weirdness & Mutations

You can breathe bolts of dispelling energy.
Your rich purple scales are hard. (AC +6)
You cannot fit into any form of body armour.
You are cold-blooded and may be slowed by cold attacks.


Message History

The searing ray hits the wraith but does no damage.
The wraith is moderately damaged.
You finish channelling your searing ray.
The wraith hits you! The wraith drains your vigour!
You feel yourself slow down.
Casting: Searing Ray (safe; 1% risk of failure)
Confirm with . or Enter, or press ? or * to list all spells.
Aiming: Searing Ray (safe; 1% risk of failure)
Press: ? - help, Shift-Dir - straight line, f - wraith
Aim: a wraith (moderately damaged, 83% to hit)
The searing ray hits the wraith!
The wraith is severely damaged. (Press . to maintain the ray.)
The wraith hits you! The wraith drains your vigour!
You feel as though you will be slow longer.
The searing ray hits the wraith!
You destroy the wraith!
Vehumet accepts your kill.
Your Conjurations skill increases to level 11!
Without enough magic to sustain it, your searing ray dissipates.
You feel yourself speed up.
The troll shouts!
You hear an angry hiss.
A troll and a water moccasin come into view.
There is an open door here.
The troll attacks as you move away! The troll bites you but does no damage.
The troll claws you. x2
The troll attacks as you move away! The troll bites you!
The troll claws you but does no damage. The troll claws you!
* * * LOW HITPOINT WARNING * * *
The troll attacks as you move away! The troll bites you!
* * * LOW HITPOINT WARNING * * *
The troll claws you.
* * * LOW HITPOINT WARNING * * *
The troll claws you but does no damage.
Okay, then.
Okay, then.
As you read the scroll labelled QOFIPN WEVOXAU, it crumbles to dust.
You feel strangely unstable.
It was a scroll of teleportation.
The troll barely misses you. The troll closely misses you. The troll claws you!
You die...

### ###. ##.#.#
#.##. # |$ [/# #
#.#.# #.##.
#.########.#
#...# #.##.
#..8#..#8.S#
##..# #.##.
#.)'..'..# #..#
#.##.
####8.#########.#
#.##. ##'#
#.....># #.##.
#.####.....##
#.#..
#...T@.....#
#.#.#
######.....#
#....
#.....#########.#
#...............#
#####.###########
#.# #.# #.#
#.#######


You could see a troll.

Vanquished Creatures
  Pikel (D:3)
  A wraith (D:6)
  Edmund (D:5)
  3 black bears
  An ice beast (D:6)
  A lemure (D:3)
  A gnoll sergeant (D:6)
  2 scorpions
  A necrophage (D:6)
  A howler monkey (D:6)
  3 hounds
  2 jellies
  2 orc priests (D:5)
  2 iguanas
  4 orc wizards
  4 gnolls (D:4)
  5 adders
  A worm (D:2)
  4 dart slugs
  7 orcs
  6 ball pythons
  2 bats
  2 endoplasms
  A giant cockroach (D:4)
  11 goblins
  2 hobgoblins
  6 jackals
  7 kobolds
  2 quokkas
  6 frilled lizards
  3 rats
95 creatures vanquished.

Vanquished Creatures (others)
  4 toadstools (D:1)
4 creatures vanquished.

Grand Total: 99 creatures vanquished

Notes
Turn   | Place    | Note
-------+----------+-------------------------------------------
     0 | D:1      | gruber the Draconian Conjurer began the quest for the Orb.
     0 | D:1      | Reached XP level 1. HP: 14/14 MP: 3/3
   422 | D:1      | Reached XP level 2. HP: 20/20 MP: 0/5
   579 | D:1      | Found a faded altar of an unknown god.
   985 | D:2      | Learned a level 2 spell: Searing Ray
  1156 | D:2      | Found a shimmering altar of Xom.
  1279 | D:2      | Reached XP level 3. HP: 6/26 MP: 2/6
  1283 | D:2      | HP: 1/26 [poisoned by an adder]
  1643 | D:2      | Reached skill level 5 in Conjurations
  2915 | D:4      | Noticed a lemure
  2915 | D:4      | Noticed a lemure
  2917 | D:4      | Noticed Pikel
  2993 | D:4      | Noticed a lemure
  2994 | D:4      | Noticed a lemure
  3024 | D:3      | Killed a lemure
  3239 | D:3      | Killed Pikel
  3240 | D:3      | Reached skill level 7 in Conjurations
  3240 | D:3      | Reached XP level 4. HP: 18/33 MP: 2/10
  3240 | D:3      | Reached XP level 5. HP: 21/38 MP: 2/11
  3240 | D:3      | Reached XP level 6. HP: 25/45 MP: 2/12
  3240 | D:3      | Your scales start taking on a rich purple colour.
  3240 | D:3      | Reached XP level 7. HP: 27/50 MP: 2/14
  3508 | D:4      | Reached skill level 5 in Spellcasting
  3745 | D:4      | Found a radiant altar of Vehumet.
  3873 | D:4      | Reached skill level 8 in Conjurations
  3980 | D:4      | Became a worshipper of Vehumet
  4157 | D:5      | Entered Level 5 of the Dungeon
  4180 | D:5      | Found a runed translucent door.
  4181 | D:5      | Noticed Crazy Yiuf
  4261 | D:5      | Noticed Edmund
  4271 | D:5      | Killed Edmund
  4460 | D:5      | Reached XP level 8. HP: 52/57 MP: 8/17
  4822 | D:5      | Reached skill level 9 in Conjurations
  4858 | D:5      | Found a stormy altar of Qazlal.
  5161 | D:6      | Reached skill level 10 in Conjurations
  5624 | D:6      | Reached * piety under Vehumet
  5624 | D:6      | Offered knowledge of Sandblast by Vehumet.
  5930 | D:6      | Noticed a troll
  5946 | D:6      | Reached skill level 11 in Conjurations
  5997 | D:6      | HP: 1/57 [troll (5)]
  5998 | D:6      | Mangled by a troll

Illustrated notes

Levels and vault maps discovered:
D:1:      dpeg_arrival_water_temple_mockup, layout_basic,
          chequers_ecumenical_altar_island, minmay_gold_behind_fungi
D:2:      layout_loops_cross, basic_altar, chequers_mini_garden
D:3:      layout_loops_cross
D:4:      layout_cave_pools, vehumet_altar_wand_db, uniq_pikel
D:5:      layout_layer_cave, grunt_qazlal_sundering, minmay_manual_moon,
          uniq_edmund, uniq_crazy_yiuf_cottage, uniq_sigmund
D:6:      minmay_chambers_of_sixes, layout_basic

Skill      XL: |  1  2  3  4  5  6  7  8 |
---------------+-------------------------+-----
Conjurations   | 7 8 11 | 11.1
Spellcasting   | 4 6 |  6.1
Dodging        | |  1.7
Stealth        | |  1.7
Evocations     | |  0.2

Action                   |  1- 3 |  4- 6 |  7- 9 || total
-------------------------+-------+-------+-------++-------
Melee: Short sword       |    63 |       |    13 ||    76
       Tailslap          |     7 |       |     2 ||     9
       Punch             |     1 |       |       ||     1
 Cast: Magic Dart        |    53 |       |    12 ||    65
       Searing Ray       |     2 |       |    39 ||    41
Evoke: Wand              |       |       |     2 ||     2
  Use: Scroll            |       |       |     1 ||     1
Armor: Skin              |    21 |       |    23 ||    44
Dodge: Dodged            |    37 |       |    37 ||    74

Table legend: (Time is in decaauts)
 A = Elapsed time spent in this place.
 B = Non-inter-level travel time spent in this place.
 C = Inter-level travel time spent in this place.
 D = Time resting spent in this place.
 E = Time spent auto-exploring this place.
 F = Levels seen in this place.
 G = Mean time per level.
                   A        B        C        D        E       F      G
               +--------+--------+--------+--------+--------+-----+--------+
         Total |   6013 |   5828 |    185 |     24 |   5129 |   6 | 1002.2 |
       Dungeon |   6013 |   5828 |    185 |     24 |   5129 |   6 | 1002.2 |
               +--------+--------+--------+--------+--------+-----+--------+

Top non-repeatable levels by time:
     D:3: 1141 daAuts
     D:2: 1141 daAuts
     D:6: 1120 daAuts
     D:1: 966 daAuts
     D:4: 916 daAuts
     D:5: 728 daAuts
